 Dungeon Crawl Stone Soup version 0.21-a0-64-g1c0f2e3 (webtiles) character file.

58 Manul the Twirler (level 4, -1/23 HPs)
             Began as a Vine Stalker Gladiator on June 17, 2017.
             Slain by Natasha (3 damage)
             ... on level 2 of the Dungeon.
             The game lasted 00:01:12 (894 turns).

Manul the Twirler (Vine Stalker Gladiator)           Turns: 894, Time: 00:01:13

Health: -1/23      AC:  4    Str: 19    XL:     4   Next: 2%
Magic:  0/5        EV: 13    Int:  8    God:
Gold:   80         SH:  0    Dex: 16    Spells: 3/3 levels left

rFire    . . .     SeeInvis .   e - +0 spear (curse)
rCold    . . .     Gourm    .   (no shield)
rNeg     . . .     Faith    .   s - +0 robe (curse)
rPois    .         Spirit   +   c - +1 helmet
rElec    .         Reflect  .   (no cloak)
rCorr    .         Harm     .   (no gloves)
MR       .....                  (no boots)
Stlth    +.........             l - amulet of rage
HPRegen  0.47/turn              h - +2 ring of strength
MPRegen  0.09/turn              (no ring)

@: no status effects
A: fangs 2, regeneration 1, magic shield, antimagic bite, no potion heal 3, rot
immunity
a: Evoke Berserk Rage


You were on level 2 of the Dungeon.
You were not hungry.

You visited 1 branch of the dungeon, and saw 2 of its levels.

You collected 80 gold pieces.

Inventory:

Hand Weapons
 a - a +0 quarterstaff
 e - a cursed +0 spear (weapon)
Missiles
 d - 3 throwing nets (quivered)
Armour
 b - a +0 leather armour
 c - a +1 helmet (worn)
 s - a cursed +0 robe (worn)
Jewellery
 h - a +2 ring of strength (left hand)
 l - an amulet of rage (around neck)
Scrolls
 r - a scroll of magic mapping
Potions
 i - a potion of flight {unknown}
 k - 2 potions of invisibility
 n - a potion of mutation {unknown}
 o - a potion of might {unknown}
 p - a potion of curing {unknown}
 q - a potion of lignification {unknown}
Comestibles
 f - a bread ration
 g - a chunk of flesh
 j - a meat ration


   Skills:
 + Level 2.0 Fighting
 + Level 0.5(2.1) Polearms
 + Level 3.2(3.3) Staves
 + Level 2.0 Throwing
 + Level 0.5 Armour
 + Level 3.0 Dodging


You had 3 spell levels left.
You didn't know any spells.

Dungeon Overview and Level Annotations

Branches:
Dungeon (2/15)

Altars:

Annotations:
D:2 Natasha


Innate Abilities, Weirdness & Mutations

You have extremely sharp teeth.
Your natural rate of healing is unusually fast.
When hurt, damage is shared between your health and your magic reserves.
Your bite disrupts and absorbs the magic of your enemies.
Potions cannot restore your health.
You are immune to rotting.


Message History

Something tries to affect you, but you resist.
No target in view!
No target in view!
No target in view!
No target in view!
Some of the chunks of flesh in your inventory have rotted away.
There is a strange disturbance nearby!
Something claws you!
You barely miss something. You bite something. You drain its magic.
You feel invigorated. Something claws you.
You hit something. Something claws you!
You hit something. You bite something. You drain its magic.
You feel invigorated. Something claws you!
* * * LOW HITPOINT WARNING * * *
You hit something. Something claws you.
* * * LOW HITPOINT WARNING * * *
You closely miss something. Something claws you.
* * * LOW HITPOINT WARNING * * *
You barely miss something. Something claws you.
You die...

,,,,,,,,,****,**,,**#..#........,
,,,,,,,,,......,,.###..#.#.#.#..,
,,,****,........,..............#*
,,,* *,..........####...#.#.#.#
,,,* *,.......*#..............#*
,,,****,,......######....#.#.#..,
,,,*,,,,,,,.....................,
,,,#....###+#.#.#####.#...#...#.,
,,,#............@...............,
.,,#................###...#...#.#
.###.............................
..........................#......
.................................
..................##...##........
.......)..........##..........#..
#.......#######...##..........#..
#####.............##.............


There were no monsters in sight!

Vanquished Creatures
  Natasha (D:2)
  A dart slug (D:1)
  4 bats (D:1)
  3 giant cockroaches (D:1)
  4 goblins (D:1)
  4 hobgoblins (D:1)
  4 frilled lizards (D:1)
  6 kobolds
  5 rats
32 creatures vanquished.

Notes
Turn   | Place    | Note
-------+----------+-------------------------------------------
     0 | D:1      | Manul the Vine Stalker Gladiator began the quest for the Orb.
     0 | D:1      | Reached XP level 1. HP: 11/11 MP: 2/2
    73 | D:1      | Reached XP level 2. HP: 13/15 MP: 3/3
   520 | D:1      | Reached XP level 3. HP: 14/18 MP: 4/4
   833 | D:2      | Noticed Natasha
   839 | D:2      | Killed Natasha
   841 | D:2      | Gained mutation: Your natural rate of healing is unusually fast. [Vine Stalker growth]
   841 | D:2      | Reached XP level 4. HP: 23/23 MP: 5/5
   876 | D:2      | Noticed Natasha
   894 | D:2      | Slain by Natasha

Vault maps used:
D:1:      matt_arrival_spirals
D:2:      serial_glass, glass_columns_a, glass_columns_b, uniq_terence,
          uniq_natasha

Skill      XL: |  1  2  3 |
---------------+----------+-----
Staves         | 3 |  3.2
Throwing       | 2 |  2.0
Fighting       | 2 |  2.0
Dodging        | 3 |  3.0
Polearms       | |  0.5
Armour         | |  0.5

Action                   |  1- 3 |  4- 6 || total
-------------------------+-------+-------++-------
Melee: Quarterstaff      |    23 |       ||    23
       Bite              |    22 |     3 ||    25
       Spear             |    68 |     9 ||    77
  Use: Scroll            |       |     3 ||     3
 Stab: Sleeping          |     2 |       ||     2
Armor: Leather armour    |    20 |       ||    20
Dodge: Dodged            |    49 |       ||    49
